 Dungeon Crawl Stone Soup version 0.30-a0-578-gdee14c521f (webtiles) character file.

Game seed: 4382003546018142862

3243 Newt the Prestidigitator (level 9, 0/58 HPs)
             Began as a Demonspawn Gladiator on Dec 31, 2022.
             Was a Priest of Hepliaklqana.
             Slain by an elephant (4 damage)
             ... while petrified by a basilisk
             ... on level 8 of the Dungeon.
             The game lasted 00:12:21 (8051 turns).

Newt the Prestidigitator (Demonspawn Gladiator)     Turns: 8051, Time: 00:12:21

Health: 0/58       AC: 11    Str: 24    XL:     9   Next: 67%
Magic:  9/9        EV:  2    Int: 10    God:    Hepliaklqana [***...]
Gold:   434        SH:  0    Dex: 23    Spells: 8/8 levels left

rFire   . . .      SeeInvis +    A - +0 hand axe
rCold   . . .      Faith    .    n - +1 buckler {AC+3}
rNeg    + + +      Spirit   .    l - +0 ring mail
rPois   ∞          Reflect  .    (helmet restricted)
rElec   .          Harm     .    (no cloak)
rCorr   .          Rampage  .    B - +0 pair of gloves
Will    .....                    h - +0 pair of boots of the Wasteland {Fly Str+4}
Stlth   +++                      (no amulet)
HPRegen 0.29/turn                w - ring of see invisible
MPRegen 0.11/turn                (no ring)

@: petrified, flying
A: reduced essence, horns 1, thin skeletal structure 1, foul stench 1, spiny 2,
agile 2, clever 1, strong 1
a: Renounce Religion, Recall Ancestor, Ancestor Identity, Transference


You were on level 8 of the Dungeon.
You worshipped Hepliaklqana.
Hepliaklqana was most pleased with you.
You visited 1 branch of the dungeon, and saw 8 of its levels.

You collected 434 gold pieces.

Inventory:

Hand Weapons
 a - a +0 rapier
 e - a +3 dagger
 i - a +0 battleaxe
 A - a +0 hand axe (weapon)
Missiles
 f - 2 throwing nets
 g - 32 stones (quivered)
 t - a javelin
 y - 3 boomerangs
Armour
 b - a +0 leather armour
 c - a +0 helmet
 h - the +0 pair of boots of the Wasteland (worn) {Fly Str+4}
   (You found it on level 3 of the Dungeon)

   Str:       It affects your strength (+4).
   Fly:       It grants you flight.
 l - a +0 ring mail (worn)
 n - a +1 buckler of protection (worn)
 B - a +0 pair of gloves (worn)
Jewellery
 w - a ring of see invisible (left hand)
Wands
 d - a wand of flame (8)
 D - a wand of paralysis (8)
 E - a wand of polymorph (4)
 I - a wand of digging (3)
Scrolls
 j - a scroll of magic mapping
 k - 3 scrolls of vulnerability
 r - a scroll of enchant armour
 s - a scroll of fog
 u - a scroll of immolation
 v - a scroll of teleportation
 H - 2 scrolls of summoning
 J - a scroll of fear
Potions
 m - 2 potions of attraction
 o - 2 potions of cancellation
 p - a potion of brilliance
 q - 2 potions of mutation
 x - a potion of curing
 z - a potion of might
 C - a potion of heal wounds
 F - a potion of berserk rage


   Skills:
 - Level 4.0 Fighting
 - Level 2.6 Short Blades
 - Level 3.0 Throwing
 - Level 5.0 Armour
 - Level 2.6 Dodging
 - Level 2.0 Stealth
 - Level 4.0 Shields
 + Level 10.4 Evocations


You had 8 spell levels left.
You didn't know any spells.
Your spell library contained the following spells:

 Spells                   Type           Power      Damage    Failure   Level
 Ignite Poison            Fire/Tmut/Pois 0%         N/A       92%         3
 Stone Arrow              Conj/Erth      0%         3d7       92%         3
 Airstrike                Air            0%         2d(0-16)  100%        4
 Animate Armour           Summ/Erth      0%         N/A       100%        4
 Sticky Flame             Conj/Fire      0%         2d3       100%        4
 Summon Lightning Spire   Summ/Air       0%         N/A       100%        4
 Lightning Bolt           Conj/Air       0%         1d11      100%        5
 Ignition                 Fire           0%         3d3       100%        8
 Lehudib's Crystal Spear  Conj/Erth      0%         10d2      100%        8


Dungeon Overview and Level Annotations

Branches:
Dungeon (8/15)             Temple (0/1) D:7            Lair (0/5) D:8

Altars:
Dithmenos
Fedhas
Hepliaklqana
Okawaru
Qazlal
Trog
Vehumet

Shops:
D:3 [


Innate Abilities, Weirdness & Mutations

Your life essence is reduced to manifest your ancestor. (-10% HP)
You have a pair of small horns on your head.
You have a somewhat thin skeletal structure. (Dex +2, Stealth+)
You may rarely emit foul miasma when damaged in melee.
You are mostly covered in sharp spines.
You are very agile. (Dex +8, Str/Int -2)
Your mind is acute. (Int +4, Str/Dex -1)
Your muscles are strong. (Str +4, Int/Dex -1)


Message History

The killer bee dies!
The killer bee stings you but does no damage.
The killer bee is struck by your spines.
The killer bee stings you but does no damage.
Rana casts a spell at the killer bee.
The killer bee appears confused.
The killer bee is struck by your spines.
The killer bee stings you but does no damage.
The killer bee barely misses Rana.
The killer bee is struck by your spines.
You kill the killer bee!
The yak gores you but does no damage.
The orc warrior is struck by your spines.
The orc warrior hits you with a +1 hand axe of flaming.
The orc warrior burns you.
The orc priest invokes the aid of Beogh against you.
Beogh smites you! The elephant tramples you.
You are shoved backwards!
The orc priest calls down the wrath of Beogh upon you.
Beogh smites you!
* * * LOW HITPOINT WARNING * * *
The killer bee barely misses itself.
The killer bee stings you.
You emit a cloud of foul miasma!
Rana points at the killer bee and mumbles some strange words.
The killer bee appears confused.
The killer bee is engulfed in dark miasma.
The killer bee is poisoned.
The killer bee stings you but does no damage.
The killer bee stings itself.
The yak gores you!
* * * LOW HITPOINT WARNING * * *
The orc warrior is struck by your spines.
The orc warrior hits you with a +1 hand axe of flaming!
* * * LOW HITPOINT WARNING * * *
The orc warrior burns you.
* * * LOW HITPOINT WARNING * * *
The orc priest is struck by your spines.
The orc priest hits you with a +0 hand axe.
The orc priest calls upon Beogh to heal the orc priest.
The orc priest is healed somewhat.
The wight barely misses Rana.
The elephant tramples you!
You die...

... ...# ....
#### ..... #...
.....## #.#.
.......## #####.
....o.o.####
##.###.
.....lY@y..#
#.....)
[(>..ooYR..##
###...<
.....zzzy##.##
###.#
......oc####.##
#.# ..$....##
##.## #.#
.....## #..##
#.# #...< ##..##
#.# #....
.####...## #.#
#...
#.........####..


You could see the friendly Rana the hexer, an elephant (drained), a yak, a
basilisk, an orc warrior, a centaur, 2 killer bees, 3 wights, 2 orc priests and
2 orc wizards.

Vanquished Creatures
  Grinder (D:3)
  Sigmund (D:3)
  A basilisk (D:8)
  An orc warrior (D:5)
  An ice beast (D:8)
  2 ogres
  2 kobold brigands
  2 necrophages
  3 bullfrogs
  2 wights (D:6)
  2 killer bees (D:8)
  A howler monkey (D:5)
  2 jellies
  5 orc priests
  3 hounds
  Terence (D:3)
  Natasha (twice) (D:3)
  2 iguanas
  4 orc wizards
  16 gnolls
  3 adders
  A white imp (D:6)
  3 worms
  3 dart slugs
  16 orcs
  4 ball pythons
  6 bats
  11 endoplasms
  A giant cockroach (D:1)
  4 goblins
  4 hobgoblins
  4 jackals (D:1)
  2 quokkas
  2 frilled lizards (D:1)
  7 kobolds
  12 rats
137 creatures vanquished.

Vanquished Creatures (collateral kills)
  A steam dragon (D:8)
  Menkaure (D:4)
  2 black bears
  An ogre (D:6)
  A centaur (D:8)
  A phantom (D:7)
  A wight (D:6)
  A killer bee (D:8)
  A hound (D:6)
  A jelly (D:7)
  A gnoll bouda (D:8)
  An iguana (D:6)
  2 gnolls
  An adder (D:5)
  6 orcs
  A giant cockroach (D:4)
  3 kobolds (D:6)
26 creatures vanquished.

Vanquished Creatures (others)
  2 ancestors
  A fungus (D:8)
  11 plants
14 creatures vanquished.

Grand Total: 177 creatures vanquished

Notes
Turn   | Place    | Note
-------+----------+-------------------------------------------
     0 | D:1      | Newt the Demonspawn Gladiator began the quest for the Orb.
     0 | D:1      | Reached XP level 1. HP: 16/16 MP: 1/1
    65 | D:1      | Reached skill level 1 in Stealth
   148 | D:1      | Gained mutation: You may rarely emit foul miasma when
                  | damaged in melee. [demonic ancestry]
   148 | D:1      | Reached XP level 2. HP: 17/22 MP: 2/2
   729 | D:2      | Reached XP level 3. HP: 27/27 MP: 3/3
   762 | D:2      | Gained mutation: You have a pair of small horns on your
                  | head. [demonic ancestry]
   762 | D:2      | Reached XP level 4. HP: 10/34 MP: 4/4
  1322 | D:2      | Identified a scroll of acquirement
  1323 | D:2      | Acquired a +1 buckler of protection
  1754 | D:3      | Noticed Natasha
  1764 | D:3      | Killed Natasha
  1765 | D:3      | Reached XP level 5. HP: 39/42 MP: 5/5
  1837 | D:3      | Found Ewkuniba's Armour Shop.
  1978 | D:3      | Reached skill level 1 in Shields
  2086 | D:3      | Found a hazy altar of Hepliaklqana.
  2101 | D:3      | Became a worshipper of Hepliaklqana the Forgotten
  2351 | D:3      | Noticed Sigmund
  2365 | D:3      | Killed Sigmund
  2366 | D:3      | Reached XP level 6. HP: 48/48 MP: 6/6
  2405 | D:3      | Noticed Grinder
  2466 | D:3      | Killed Grinder
  2467 | D:3      | Gained mutation: You are partially covered in sharp spines.
                  | [demonic ancestry]
  2467 | D:3      | Reached XP level 7. HP: 42/54 MP: 7/7
  2554 | D:3      | Noticed Terence
  2559 | D:3      | Noticed Natasha
  2566 | D:3      | Killed Terence
  2574 | D:3      | Killed Natasha
  2582 | D:3      | Identified the +0 pair of boots of the Wasteland {Fly
                  | Str+4}
  3097 | D:4      | Gained mutation: You are agile. (Dex +4, Str/Int -1)
                  | [potion of mutation]
  3097 | D:4      | Gained mutation: You are very agile. (Dex +8, Str/Int -2)
                  | [potion of mutation]
  3097 | D:4      | Gained mutation: Your mind is acute. (Int +4, Str/Dex -1)
                  | [potion of mutation]
  3097 | D:4      | Gained mutation: Your muscles are strong. (Str +4, Int/Dex
                  | -1) [potion of mutation]
  3227 | D:4      | Found a blossoming altar of Fedhas.
  3295 | D:4      | Found a shadowy altar of Dithmenos.
  3319 | D:4      | Found a bloodstained altar of Trog.
  3344 | D:4      | Reached * piety under Hepliaklqana
  3374 | D:4      | Noticed Menkaure
  3941 | D:4      | Killed Menkaure
  3942 | D:4      | Reached skill level 5 in Armour
  3942 | D:4      | Reached skill level 1 in Evocations
  4386 | D:5      | Entered Level 5 of the Dungeon
  4403 | D:5      | Reached skill level 2 in Evocations
  4403 | D:5      | Gained mutation: You are mostly covered in sharp spines.
                  | [demonic ancestry]
  4403 | D:5      | Reached XP level 8. HP: 54/54 MP: 8/8
  4430 | D:5      | Reached skill level 3 in Evocations
  4464 | D:5      | Found a stormy altar of Qazlal.
  4512 | D:5      | Reached skill level 4 in Evocations
  4709 | D:5      | Reached skill level 5 in Evocations
  4901 | D:5      | Found a radiant altar of Vehumet.
  4983 | D:5      | Reached ** piety under Hepliaklqana
  4984 | D:5      | Remembered your ancestor Rana as a hexer
  5014 | D:5      | Reached skill level 6 in Evocations
  5620 | D:6      | Reached skill level 7 in Evocations
  5768 | D:6      | Gained mutation: You have a somewhat thin skeletal
                  | structure. (Dex +2, Stealth+) [demonic ancestry]
  5768 | D:6      | Reached XP level 9. HP: 38/58 MP: 9/9
  6037 | D:6      | Found an iron altar of Okawaru.
  6419 | D:7      | Found a staircase to the Ecumenical Temple.
  6458 | D:7      | Reached skill level 8 in Evocations
  6846 | D:7      | Reached *** piety under Hepliaklqana
  7035 | D:7      | Reached skill level 9 in Evocations
  8042 | D:8      | Found a staircase to the Lair.
  8042 | D:8      | Noticed an elephant
  8048 | D:8      | Reached skill level 10 in Evocations
  8051 | D:8      | Slain by an elephant

Illustrated notes

Levels and vault maps discovered:
D:1:      roderic_crop_circles_arrival_small, layout_basic
D:2:      minmay_spotlight, layout_loops_ring
D:3:      layout_basic, old_standard_altar, serial_shops, nicolae_shop_trees,
          serial_bayou_crossing, uniq_natasha, uniq_grinder, uniq_sigmund,
          uniq_terence
D:4:      layout_basic, grunt_dithmenos_smoke, fedhas_altar_2,
          mainiacjoe_overflow_concentric_impassable, serial_bayou_pond_d,
          chequers_serial_rivers_micro_d, uniq_menkaure
D:5:      layout_cave_pools, lemuel_coloured_pillars_altar,
          nicolae_overflow_hidden_temple, guppyfry_early_orc_mine
D:6:      layout_loops_ring, mainiacjoe_overflow_tiny_flanked
D:7:      layout_layer_cave, nicolae_tso_carved_into_rock,
          minmay_temple_entry_grid
D:8:      layout_layer_cave, david_lair_generic

Skill      XL: |  1  2  3  4  5  6  7  8  9 |
---------------+----------------------------+-----
Stealth        | 1 2 |  2.0
Throwing       | 2 3 |  3.0
Fighting       | 4 |  4.0
Shields        | 3 4 |  4.0
Armour         | 2 5 |  5.0
Evocations     | 2 7 10 | 10.4
Short Blades   | |  2.6
Dodging        | |  2.6

Action                   |  1- 3 |  4- 6 |  7- 9 || total
-------------------------+-------+-------+-------++-------
Melee: Rapier            |    89 |   105 |       ||   194
       Punch             |     1 |       |       ||     1
       Headbutt          |       |    29 |    60 ||    89
       Dagger            |       |    31 |   147 ||   178
       Hand axe          |       |       |    87 ||    87
       Unarmed           |       |       |     6 ||     6
Throw: Throwing net      |       |     7 |     1 ||     8
       Javelin           |       |     2 |       ||     2
       Stone             |       |     7 |    29 ||    36
Invok: Ancestor Life: He |       |       |     1 ||     1
  Use: Scroll            |     2 |     5 |     7 ||    14
       Potion            |       |     5 |     3 ||     8
 Stab: Sleeping          |     2 |     2 |     5 ||     9
       Distracted        |       |     1 |     3 ||     4
       Held in net/web   |       |     3 |       ||     3
       Confused          |       |       |     4 ||     4
Armor: Leather armour    |    35 |     2 |       ||    37
       Ring mail         |       |    27 |    90 ||   117
Dodge: Dodged            |    73 |    65 |    97 ||   235
Block: Buckler           |       |    19 |    70 ||    89

Table legend: (Time is in decaauts)
 A = Elapsed time spent in this place.
 B = Non-inter-level travel time spent in this place.
 C = Inter-level travel time spent in this place.
 D = Time resting spent in this place.
 E = Time spent auto-exploring this place.
 F = Levels seen in this place.
 G = Mean time per level.
                   A        B        C        D        E       F      G
               +--------+--------+--------+--------+--------+-----+--------+
         Total |   8067 |   7828 |    239 |   1204 |   5321 |   8 | 1008.4 |
       Dungeon |   8067 |   7828 |    239 |   1204 |   5321 |   8 | 1008.4 |
               +--------+--------+--------+--------+--------+-----+--------+

Top non-repeatable levels by time:
     D:3: 1415 daAuts
     D:4: 1316 daAuts
     D:7: 1267 daAuts
     D:6: 1149 daAuts
     D:2: 936 daAuts
     D:5: 871 daAuts
     D:1: 715 daAuts
     D:8: 394 daAuts
